Cogmind - Beta 16 @@@ ROGUE MODE // 2025.12.19 @ 22:33:23 Player: useeikick Result: Destroyed by G-34 Mercenary with Small Laser Performance ------------- Evolutions (0) 0 Regions Visited (1) 200 Robots Destroyed (7) 35 Value Destroyed (118) 118 Prototype IDs (2) 40 Alien Tech Used (0) 0 Bonus (0) 0 TOTAL SCORE: 393 Bonus ------- None Cogmind --------- Core Integrity 0/250 Matter 238/300 Energy 250/250 System Corruption 0% Temperature Cool (6) Movement Walking (120) Location -10/Materials Parts ------- > --- POWER (1) -------- Ion Engine > --- PROPULSION (2) --- Aluminum Leg Aluminum Leg > --- UTILITY (2) ------ Signal Interpreter > --- WEAPON (2) ------- Mining Claw > --- INVENTORY (5) ---- Wheel Propulsion Shielding Light Assault Rifle Peak State ------------ > --- POWER ------------ Ion Engine > --- PROPULSION ------- Wheel Compact Wheel > --- UTILITY ---------- Signal Interpreter > --- WEAPON ----------- Assault Rifle Light Assault Rifle > --- INVENTORY -------- Ion Engine Aluminum Leg Aluminum Leg Light Assault Rifle [Rating: 6] Favorites ----------- Power Ion Engine Engine Ion Engine Propulsion Compact Wheel Leg Aluminum Leg Wheel Compact Wheel Utility Signal Interpreter Processor Signal Interpreter Weapon Light Assault Rifle Ballistic Gun Light Assault Rifle Slashing Weapon Mining Claw Build | -11 -10 ------- Run | Yrd Mat Slots Evolved . | . . Power . | . . Propulsion . | . . Utility . | . . Weapon . | . . Parts Attached 10 | 5 5 Power 2 | 1 1 Engine 2 | 1 1 Core . | . . Reactor . | . . Propulsion 4 | 2 2 Treads . | . . Leg 2 | . 2 Wheel 2 | 2 . Hover . | . . Flight . | . . Utility 1 | . 1 Device . | . . Storage . | . . Processor 1 | . 1 Hackware . | . . Protection . | . . Artifact . | . . Weapon 3 | 2 1 Energy Gun . | . . Energy Cannon . | . . Ballistic Gun 2 | 2 . Ballistic Cannon . | . . Launcher . | . . Special Weapon . | . . Impact Weapon . | . . Slashing Weapon 1 | . 1 Piercing Weapon . | . . Special Melee Weapon . | . . Unidentified Prototypes . | . . Parts Lost 3 | . 3 Power 1 | . 1 Propulsion 1 | . 1 Utility . | . . Weapon 1 | . 1 Highest Loss Streak 3 | . 3 To Critical Strikes . | . . Average Backups 4 | 2 4 Power . | . . Propulsion 1 | . 1 Utility . | . . Weapon . | . 1 Tool/Special . | . . Unused Backups 2 | . 2 Power . | . . Propulsion . | . . Utility 1 | . 1 Weapon 1 | . 1 Tool/Special . | . . Average Slot Usage (%) 77 | . 77 Engine 14 | . 14 Leg 2 | . 2 Wheel 23 | . 23 Processor 8 | . 8 Ballistic Gun 20 | . 20 Slashing Weapon 7 | . 7 Peak Build Rating 6 | 5 6 Average Rating 5 | 3 5 On Entrance 2 | . 5 Avg Prop Armor Cover (%) . | . . Naked Turns . | . . Heaviest Build 8 | 8 8 Greatest Support 26 | 26 26 Greatest Overweight (x) . | . . Average Overweight (x) . | . . Largest Inventory Capacity 5 | 5 5 Average Capacity 5 | 5 5 Most Carried 5 | 4 5 Average Carried 4 | 2 4 Final Capacity 5 | 5 5 Final Carried 4 | 4 3 Class Distribution -------------------- 100% | Mutant Dominant Class ---------------- Mutant | -10/Materials Resources | -11 -10 ----------- Run | Yrd Mat Matter Collected 292 | 195 97 Remotely . | . . Salvage Created 142 | . 142 Parts 9 | . 9 Haulers Intercepted . | . . Recyclers Shooed . | . . Parts Field Recycled . | . . Retrieved Matter . | . . Parts Self-Destructed . | . . Prevented . | . . Parts Restored . | . . Kills | -11 -10 ------- Run | Yrd Mat Combat Hostiles Destroyed 7 | . 7 Guns 7 | . 7 Classes Destroyed 2 | . 2 Swarmer 5 | . 5 Grunt 2 | . 2 Best Kill Streak 5 | . 5 Combat Bots Only 5 | . 5 Max Kills in Single Turn 1 | . 1 Gunslinging . | . . Exploded . | . . Melee . | . . Uniques/NPCs Destroyed . | . . Combat | -11 -10 -------- Run | Yrd Mat Hostile Shots Fired 111 | . 111 Missed 26 | . 26 Hits 85 | . 85 Projectile 85 | . 85 Critical Strikes 2 | . 2 Damage Taken 715 | . 715 Core 254 | . 254 Absorbed by Shields . | . . Regen/Repaired (Parts) 26 | . 26 Core Remaining (%) 100 | 100 . Volleys Fired 25 | 1 24 Largest 2 | 2 2 Hottest 40 | 40 40 Shots Fired 33 | 2 31 Gun 33 | 2 31 Cannon . | . . Launcher . | . . Special . | . . Kinetic 33 | 2 31 Thermal . | . . Explosive . | . . Electromagnetic . | . . Robot Hit Streak 11 | . 11 Robot Miss Streak 3 | . 3 Penetration Max . | . . Secondary Targets . | . . Shots Hit Robots 20 | . 20 Core Hits 10 | . 10 Critical Kills 1 | . 1 Critical Parts Destroyed . | . . Critical Strikes 1 | . 1 Destroy 1 | . 1 Melee Attacks 7 | . 7 Impact . | . . Slashing 7 | . 7 Piercing . | . . Sneak Attacks . | . . Combat Hostiles . | . . Follow-up Attacks . | . . Damage Inflicted 185 | . 185 Guns 185 | . 185 Cannons . | . . Explosions . | . . Melee . | . . Ramming . | . . Kinetic 185 | . 185 Thermal . | . . Explosive . | . . Electromagnetic . | . . Impact . | . . Slashing . | . . Piercing . | . . Highest Corruption . | . . Average Corruption . | . . Corruption Purged . | . . Corruption Blocked . | . . Overload Shots . | . . Overflow Damage . | . . Projectiles . | . . Explosions . | . . Melee . | . . Knockbacks . | . . Impact . | . . Kinetic . | . . Secondary . | . . Self-Inflicted Damage . | . . Shots . | . . Rammed . | . . Targets Rammed . | . . Kicked . | . . Crushed . | . . Highest Temperature 12 | . 12 Average Temperature 7 | . 7 Received Heat Transfer 96 | . 96 Siege Activations . | . . Martial Activations . | . . Shielding Activations . | . . Robots Disrupted . | . . Combat Hostiles . | . . Robots Corrupted . | . . Combat Hostiles . | . . Parts Fried . | . . Impact Corruptions . | . . Robots Melted . | . . Combat Hostiles . | . . Parts Melted . | . . Heat Transferred . | . . Parts Sabotaged . | . . Parts Stolen . | . . Parts Stripped . | . . Power Chain Reactions . | . . Alert | -11 -10 ------- Run | Yrd Mat Maximum Alert Level . | . . Low Security (%) 100 | 100 100 Level 1 . | . . Level 2 . | . . Level 3 . | . . Level 4 . | . . Level 5 . | . . High Security . | . . Max Security . | . . Peak Influence 150 | . 150 Initial . | . . Average 20 | . 24 Influence Increases 266 | . 266 Destroy 0b10 Robot/C 140 | . 140 Destroy Leader 10 | . 10 Successful Hack 11 | . 11 Lose Combat Pursuer 105 | . 105 Influence Decreases 126 | . 126 Time Decay 96 | . 96 Lost Part 30 | . 30 Squads Dispatched 2 | . 2 Investigation 2 | . 2 Extermination . | . . Reinforcement . | . . Assault . | . . Garrison . | . . Intercept . | . . Searches Triggered . | . . Construction Impeded . | . . Haulers Reinforced . | . . Active Scanning Responses . | . . Cargo Convoy Interrupts . | . . Stealth | -11 -10 --------- Run | Yrd Mat Distress Signals 4 | . 4 Communications Jammed . | . . Distress Signals . | . . Times Spotted 19 | . 19 Peak Tracking Total 10 | . 10 Tactical Retreats 4 | . 4 Traps | -11 -10 ------- Run | Yrd Mat Traps Triggered 3 | . 3 Indirectly . | . . Trap Hack Attempts . | . . Triggered . | . . Disarmed . | . . Reprogrammed . | . . Reused . | . . Traps Extracted . | . . Installed . | . . Triggered . | . . Machines | -11 -10 ---------- Run | Yrd Mat Machines Disabled . | . . Max in Single Turn . | . . Machines Repaired . | . . Machines Dismantled . | . . Machines Sabotaged . | . . Overloaded Fab Kills . | . . Hacking | -11 -10 --------- Run | Yrd Mat Machines Accessed 3 | . 3 Terminals 2 | . 2 Fabricators . | . . Repair Stations 1 | . 1 Recycling Units . | . . Scanalyzers . | . . Garrison Access . | . . Total Hacks 6 | . 6 Successful 4 | . 4 Failed 2 | . 2 Catastrophic 2 | . 2 Database Lockouts . | . . Manual 3 | . 3 Terminals 4 | . 4 Fabricators . | . . Repair Stations 2 | . 2 Recycling Units . | . . Scanalyzers . | . . Garrison Access . | . . Terminal Hacks 1 | . 1 Prototype ID Bank 1 | . 1 Fabricator Hacks . | . . Repair Station Hacks 2 | . 2 Scan Component 1 | . 1 Repair 1 | . 1 Recycling Unit Hacks . | . . Scanalyzer . | . . Garrison Access Hacks . | . . Unauthorized Hacks 1 | . 1 Terminals 1 | . 1 Assimilate 1 | . 1 Fabricators . | . . Repair Stations . | . . Recycling Units . | . . Scanalyzers . | . . Garrison Access . | . . Data Cores Recovered . | . . Used . | . . Hacking Detections 2 | . 2 Full Trace Events . | . . Feedback Events . | . . Feedback Blocked . | . . Robot Schematics Acquired . | . . Robots Built . | . . Authchips . | . . Time . | . . Total Robot Build Rating . | . . Part Schematics Acquired . | . . Parts Built . | . . Authchips . | . . Time . | . . Total Part Build Rating . | . . Part Studies Acquired . | . . Parts Repaired 1 | . 1 Time 26 | . 26 Parts Recycled . | . . Recycled Matter . | . . Retrieved Matter . | . . Retrieved Components . | . . Parts Scanalyzed . | . . Part Schematics Acquired . | . . Parts Damaged . | . . Bothacking | -11 -10 ------------ Run | Yrd Mat Used RIF Installer . | . . Robots Hacked . | . . Non-combat . | . . Combat . | . . Robot Hacks Applied . | . . Relay Couplers Released . | . . Fabnet Peak Effective % . | . . Robots Rewired . | . . Allies Hacked . | . . Hacks Repelled . | . . Allies | -11 -10 -------- Run | Yrd Mat Total Allies . | . . Largest Group . | . . Highest-Rated Group . | . . Highest-Rated Ally . | . . Total Orders . | . . Ally Attacks . | . . Total Damage . | . . Kills . | . . Allies Corrupted . | . . Allies Melted . | . . Intel | -11 -10 ------- Run | Yrd Mat Active Infowar (turns) . | . . Robot Analysis Total . | . . Derelict Logs Recovered . | . . Drone Launches . | . . Drone Recoveries . | . . Exploration | -11 -10 ------------- Run | Yrd Mat Turns Passed 386 | 57 329 Spaces Moved 250 | 49 201 Core 8 | 8 . Treads . | . . Legs 5 | . 5 Wheels 237 | 41 196 Hover . | . . Flight . | . . Fastest Speed 50 | 50 90 Average Speed 89 | 83 90 Slowest Speed 120 | 90 120 Overloaded Moves . | . . Propulsion Burnouts . | . . Robots Hopped . | . . Potential Cave-ins . | . . Cave-ins Triggered . | . . Exploration Rate (%) 25 | 3 47 Regions Visited 1 Branch Regions . Pre-discovered Areas . | . . Known Exits Taken . | . . Unknown Exits Taken 1 | 1 . Scrap Searched . | . . Spaces Dug . | . . Terrain Destroyed . | . . Melee . | . . Projectile . | . . AOE . | . . Terrain Rammed . | . . Walls Destroyed . | . . Machines Disabled . | . . Actions | -11 -10 --------- Run | Yrd Mat Total 370 | 63 307 Wait 63 | . 63 Move 249 | 48 201 Hop . | . . Pick Up 13 | 9 4 Fast Attach 1 | . 1 Attach 9 | 5 4 Detach . | . . Swap 2 | . 2 Drop 1 | . 1 Fire 25 | 1 24 Melee 7 | . 7 Ram . | . . Kick . | . . Crush . | . . Escape Stasis . | . . Rewire . | . . Trap . | . . Miscellaneous . | . . Route ------- -11/Scrapyard -10/Materials (discovered 2 exits: *Mat / *Min) History --------- Turn | Location | Event 19 | -11/Scrapyard | Discovered new exit (range 16) 58 | -11/Scrapyard | Entered Materials 222 | -10/Materials | Discovered new exit (range 4) 224 | -10/Materials | Identified exit to Materials 275 | -10/Materials | Repaired Wheel 286 | -10/Materials | Discovered new exit (range 7) 291 | -10/Materials | Identified exit to Mines 315 | -10/Materials | Build established: Mutant 346 | -10/Materials | Core integrity fell below 50% 374 | -10/Materials | Core integrity fell below 20% 387 | -10/Materials | Destroyed by G-34 Mercenary with Small Laser Last Messages --------------- 00349_ S-10 Pest destroyed. 00353_ R-06 Scavenger collects Flight Unit. 00355_ Com. Wheel destroyed. 00357_ Ion Engine destroyed. 00361_ S-10 Pest destroyed. 00370_ S-10 Pest suffers critical hit (Destroy). 00370_ S-10 Pest destroyed. 00371_ R-06 Scavenger collects Lgt. Ion Engine. 00373_ Acquired 28 matter. 00377_ K-01 Serf collects debris. 00377_ R-06 Scavenger destroyed. 00380_ S-10 Pest destroyed. 00380_ K-01 Serf collects debris. 00381_ R-06 Scavenger collects Lgt. Assault Rifle. 00383_ K-01 Serf collects debris. 00383_ Lgt. Assault Rifle destroyed. 00385_ K-01 Serf collects debris. 00385_ R-06 Scavenger collects Assault Rifle. 00386_ K-01 Serf collects debris. Map ----- +----------------------------------------------------+ | ?????????????????????????????????????????????????? | | ?????????????????????????????????????????????????? | | ?????????????????????????????????????????????????? | | ?????????????????????????????????????????????????? | | ?????????????????????????????????????????????????? | | ?????????????????????????????????????????????????? | | ?????????????????????????????????????????????????? | | ?????????????? ????????????????????????????????? | | ?????????????# ????????????????????????????????? | | ?????????????# ????????????????????????????????? | | ?????????????# ????????? ?????????????????????? | | ?????????????# #???????? ????????????? ??????? | | ?????????????# #???????? ????????????? ??????? | | ?????????????# #???????# #???????????? ??????? | | ?????????????# #???????# ##########??# #?????? | | ?????????????# #???????# #! #??# #?????? | | ?????????????# #???????# # #??# #?????? | | ?????????????# ######### # #??# #?????? | | ?????????????# # ## # #??# #?????? | | #######??????# # ## # #??# #?????? | | #??????# # ## # " #??# #?????? | | #??????# + ## # " #??# #?????? | | #???#+## # ## # #??# #?????? | | #???# # ## #?? [????# #?????? | | #???# ######m##r #####+####### ##????? | | #??## #????#rs@ #????? | | #??# ###### %=[ r #????? | | !#### gk!* ^ #????? | | + ^ #########????? | | ##########"" """ """ """ #????????????? | | ?????????#"T """ """g """ #????????????? | | ?????????#"" ^ """ """ """ #????????????? | | ?????????# #????????????? | | ?????????# #????????????? | | ?######### k ######???????? | | ?# # ! #???##### | | ?# + ##################### #??[[]]== | | ?# # #???????????????????###### #??[[]]== | | ?# # #?????????????????????#### #?? ?? | | ?# # ########?????##########! ### #??? | | ?######### # T #?????# ##! #??? | | ?# # # #?????# ##! #??? | | ?# # # !|[#?????# ##! ## #??? | | ?# [/! + [+ |[#?????# """ ##! ?# #??? | | ?# [ # # || #?????# """ ###! ?# #??? | | ?# ! # #[ #?????# """ #?###?# #??? | | ?######### ###################+####### #??? | | ?????????# #??? | | ??######## #??? | | #??? | +----------------------------------------------------+ Best States ------------- Heat Dissipation 25 Energy Generation 10 Energy Capacity 250 Matter Stores 272 Matter Capacity 300 Sight Range 16 Terrain Scan Density 10 Evasion (%) 42 Item Schematics ----------------- None Robot Schematics ------------------ None Fabricated ------------ Nothing Repaired ---------- Wheel | 35% | -10/Materials Studied --------- None Alien Tech Used ----------------- None Achievements -------------- True Hacker Challenges ------------ None Game ------ Seed RemoteOmegaShooter Manual? 0 Play Time 00:09:55 Cumulative 17.6 hours Start 2025.12.19 @ 22:27:50 End 2025.12.19 @ 22:33:23 Sessions 1 Manual Loads 0 Difficulty Rogue Special Mode None Game No. 37 Rogue 37 Adventurer 0 Explorer 0 Win Type - Total 0 Types 0/0/0/0/0/0/0/0/0/0 Lore% 14 Gallery% 21 Achievement% 13 Wizard Run 0 Options --------- Layout 1 ASCII 0 Keyboard 0 Movement Mouse Keybinds 0 Fullscreen 0 Font 20/SmallcapsGlow Map View 50x35 Zoom Use 0% Tactical HUD 1 Map Filters NONE Filters NONE Steam 1 RUN: adb3faa1-f316-4b77-9cc2-fca88def69c6